 Dungeon Crawl Stone Soup version 0.22-a0-515-g75794bf (webtiles) character file.

28 Ecrof the Chopper (level 2, -2/24 HPs)
             Began as a Demonspawn Berserker on June 19, 2018.
             Was a Follower of Trog.
             Slain by a gnoll
             ... wielding a +0 halberd
              (12 damage)
             ... on level 2 of the Dungeon.
             The game lasted 00:04:53 (768 turns).

Ecrof the Chopper (Demonspawn Berserker)             Turns: 768, Time: 00:04:54

Health: -2/24      AC:  3    Str: 17    XL:     2   Next: 96%
Magic:  2/2        EV: 12    Int:  8    God:    Trog [*.....]
Gold:   34         SH:  0    Dex: 12    Spells: 1/1 levels left

rFire    . . .     SeeInvis .   a - +0 hand axe
rCold    . . .     Gourm    .   (no shield)
rNeg     . . .     Faith    .   b - +0 animal skin
rPois    .         Spirit   .   (no helmet)
rElec    .         Reflect  .   (no cloak)
rCorr    .         Harm     .   (no gloves)
MR       .....                  h - +0 pair of boots
Stlth    ++........             (no amulet)
HPRegen  0.08/turn              (no ring)
MPRegen  0.08/turn              (no ring)

@: no status effects
A: nightstalker 1
a: Berserk, Renounce Religion


You were on level 2 of the Dungeon.
You worshipped Trog.
Trog was aware of your devotion.
You were not hungry.

You visited 1 branch of the dungeon, and saw 2 of its levels.

You collected 34 gold pieces.

Inventory:

Hand Weapons
 a - a +0 hand axe (weapon)
 g - a cursed -3 mace
Missiles
 f - 25 stones (quivered)
Armour
 b - a +0 animal skin (worn)
 h - a +0 pair of boots (worn)
Jewellery
 e - a cursed amulet of inaccuracy {unknown}
Scrolls
 i - a scroll of fog {unknown}
Potions
 j - a potion of agility {unknown}
 k - a potion of degeneration {unknown}
 l - a potion of brilliance {unknown}
Comestibles
 c - a ration
 d - 4 chunks of flesh


   Skills:
 - Level 3.0 Fighting
 + Level 3.7 Axes
 + Level 0.4 Throwing
 - Level 1.7 Armour
 - Level 1.7 Dodging


You had one spell level left.
You didn't know any spells.
Your spell library was empty.

Dungeon Overview and Level Annotations

Branches:
Dungeon (2/15)

Altars:
Cheibriados


Innate Abilities, Weirdness & Mutations

You are slightly more attuned to the shadows.


Message History

The gnoll is lightly wounded.
The gnoll closely misses you.
You hit the gnoll.
The gnoll is heavily wounded.
The gnoll hits you.
The gnoll hits you from afar with a halberd.
You hit the gnoll.
The gnoll is heavily wounded.
The gnoll hits you from afar with a spear.
The gnoll barely misses you.
You are too injured to fight recklessly!
You are too injured to fight recklessly!
You are too injured to fight recklessly!
Unknown command.
You hit the gnoll.
The gnoll is almost dead.
The gnoll barely misses you.
The gnoll hits you from afar with a halberd!
Ouch! That really hurt!
You die...

#...............+
.##.......#.#.....#
..................#
####....#....)....###+###
#.....#.####'##..(.(..(
#.....#.####...g...>.(.
#...###......g.g######.
#...# #.####.g##### #...#
#.......@...# #...#
#.#####.....# #...#
#####.# #...# ### #.#
##_## #.# ##≈≈≈########.#
#≈≈≈≈≈........#
#≈≈.≈≈.######## #≈≈≈≈≈.#


You could see 2 gnolls.

Vanquished Creatures
  2 dart slugs
  A leopard gecko (D:1)
  A ball python (D:1)
  2 giant cockroaches (D:1)
  3 goblins (D:1)
  2 hobgoblins (D:1)
  5 kobolds
  2 bats (D:1)
  2 frilled lizards (D:1)
  2 rats (D:1)
22 creatures vanquished.

Notes
Turn   | Place    | Note
-------+----------+-------------------------------------------
     0 | D:1      | Ecrof the Demonspawn Berserker began the quest for the Orb.
     0 | D:1      | Reached XP level 1. HP: 18/18 MP: 1/1
   221 | D:1      | Gained mutation: You are slightly more attuned to the shadows. [demonic ancestry]
   221 | D:1      | Reached XP level 2. HP: 21/24 MP: 2/2
   720 | D:2      | Found a snail-covered altar of Cheibriados.
   768 | D:2      | Slain by a gnoll

Vault maps used:
D:1:      minmay_arrival_four_houses, minivault_23
D:2:      marbit_many_paths, kennysheep_slug_shrine, lemuel_doored_altar,
          grunt_decor_fettered, kennysheep_generic_room_2

Skill      XL: |  1 |
---------------+----+-----
Axes           | 3 |  3.7
Fighting       | |  3.0
Throwing       | |  0.4
Armour         | |  1.7
Dodging        | |  1.7

Action                   || total
-------------------------++-------
Melee: Hand axe          ||    63
Throw: Stone             ||    41
  Use: Scroll            ||     3
Armor: Animal skin       ||     8
Dodge: Dodged            ||    41

Table legend:
 A = Spawn XP
 B = Non-spawn XP
 C = Spawn XP percentage of total XP
 D = Spawn monster count
 E = Non-spawn monster count
 F = Spawn count percentage of total count
 G = Total turns spent on level
                    A         B        C        D         E        F      G
               +---------+---------+-------+---------+---------+-------+---------
         Total |       0 |      40 |   0.0 |       0 |      22 |   0.0 |   768
               +---------+---------+-------+---------+---------+-------+---------
           D:1 |       0 |      34 |   0.0 |       0 |      20 |   0.0 |   656
           D:2 |       0 |       6 |   0.0 |       0 |       2 |   0.0 |   112
               +---------+---------+-------+---------+---------+-------+---------
